 Dungeon Crawl Stone Soup version 0.32-a0-738-g1a05c61809 (webtiles) character file.

Game seed: 1753695651426331171

40735 Nvm9 the Fighter (level 13, -18/109 HPs)
             Began as a Demonspawn Fighter on Mar 17, 2024.
             Was an Initiate of Qazlal.
             Killed from afar by a fire giant (35 damage)
             ... with a bolt of fire
             ... created by the fury of Okawaru
             ... on level 3 of the Lair of Beasts.
             The game lasted 01:03:57 (23153 turns).

Nvm9 the Fighter (Demonspawn Fighter)              Turns: 23153, Time: 01:03:58

Health: -18/109    AC: 37    Str: 28    XL:     13   Next: 76%
Magic:  0/13       EV:  7    Int:  8    God:    Qazlal [......]
Gold:   292        SH:  7    Dex: 16    Spells: 12/12 levels left

rFire   . . .        a - +2 war axe (heavy)
rCold   . . .        c - +0 buckler
rNeg    . . .        m - +8 plate armour of the Shore {Regen+ Dex+3}
rPois   .            r - +2 helmet
rElec   .            X - +0 cloak
rCorr   .            s - +2 pair of gloves
SInv    .            (no boots)
Will    .....        D - amulet of guardian spirit Stlth
                     i - +4 ring of protection
HPRegen 1.18/turn    u - +6 ring of strength
MPRegen 0.13/turn

%: clarity, guardian spirit
@: no status effects
A: slimy green scales 1, demonic guardian 2, icemail 2, condensation shield,
weakness stinger 2, talons 1, clarity, subdued magic 1
a: Renounce Religion


You were on level 3 of the Lair of Beasts.
You worshipped Qazlal.
Qazlal was noncommittal.
You visited 3 branches of the dungeon, and saw 19 of its levels.
You also visited: Sewer and Bailey.

You collected 1090 gold pieces.
You spent 798 gold pieces at shops.

Inventory:

Hand Weapons
 a - a +2 heavy war axe (weapon)
 b - a +4 long sword
 p - a +1 flail of protection
 U - the +8 whip "Snakebite" {venom, curare, rPois}
   (You found it on level 4 of the Lair of Beasts)

   rPois:     It protects you from poison.
 V - a +2 trident of flaming
Missiles
 W - 32 poisoned darts (quivered)
Armour
 c - a +0 buckler (worn)
 m - the +8 plate armour of the Shore (worn) {Regen+ Dex+3}
   (You bought it in a shop on level 2 of the Dungeon)

   Dex+3:     It affects your dexterity (+3).
   Regen+:    It increases your rate of health regeneration.
 r - a +2 helmet (worn)
 s - a +2 pair of gloves (worn)
 N - +0 acid dragon scales
 Q - a +2 chain mail of willpower
 X - a +0 cloak (worn)
Jewellery
 f - the ring of Mirth {*Corrode rF+ rC+ Int+4}
   (You found it on level 4 of the Lair of Beasts)

   [ring of protection from cold]

   Int+4:     It affects your intelligence (+4).
   rF+:       It protects you from fire.
   rC+:       It protects you from cold.
   *Corrode:  It may corrode you when you take damage.
 h - a +5 ring of evasion
 i - a +4 ring of protection (left hand)
 k - a ring of resist corrosion
 u - a +6 ring of strength (right hand)
 x - an amulet of reflection
 y - a ring of positive energy
 D - an amulet of guardian spirit (around neck)
 E - a ring of flight
 L - a ring of protection from fire
 R - an amulet of magic regeneration
 T - an amulet of the acrobat
Wands
 t - a wand of mindburst (19)
 B - a wand of polymorph (10)
 K - a wand of charming (12)
 M - a wand of warping (15)
 P - a wand of flame (13)
 S - a wand of light (12)
Scrolls
 e - 19 scrolls of identify
 g - 3 scrolls of immolation
 q - a scroll of butterflies
 v - a scroll of amnesia
 w - 4 scrolls of teleportation
 C - 4 scrolls of fog
 O - 2 scrolls of poison
Potions
 d - 3 potions of might
 l - a potion of resistance
 n - 7 potions of curing
 o - 6 potions of enlightenment
 z - 2 potions of lignification
 A - 3 potions of haste
 F - a potion of mutation
 H - 3 potions of brilliance
 I - a potion of ambrosia
 J - 2 potions of cancellation
 Z - 3 potions of magic


   Skills:
 * Level 12.6 Fighting
 * Level 11.4 Axes
 * Level 11.6 Armour
 * Level 11.6 Shields


You had 12 spell levels left.
You didn't know any spells.
Your spell library contained the following spells:

 Spells                   Type           Power      Damage    Failure   Level
 Slow                     Hex            0%         N/A       98%         1
 Cigotuvi's Dreadful Rot  Necr/Alch/Air  0%         N/A       99%         2
 Lesser Beckoning         Tloc           0%         N/A       99%         2
 Confusing Touch          Hex            0%         N/A       100%        3
 Dazzling Flash           Conj/Hex       0%         N/A       100%        3
 Gell's Gravitas          Tloc           0%         N/A       100%        3
 Inner Flame              Hex/Fire       0%         N/A       100%        3
 Mephitic Cloud           Conj/Alch/Air  0%         N/A       100%        3
 Teleport Other           Tloc           0%         N/A       100%        3
 Tukima's Dance           Hex            0%         N/A       100%        3
 Vampiric Draining        Necr           0%         2d6       100%        3
 Animate Armour           Summ/Erth      0%         N/A       100%        4
 Brom's Barrelling Bould  Conj/Erth      0%         2d3       100%        4
 Dimensional Bullseye     Hex/Tloc       0%         N/A       100%        4
 Flame Wave               Conj/Fire      0%         2d4       100%        4
 Ignite Poison            Fire/Alch      0%         N/A       100%        4
 Iskenderun's Mystic Bla  Conj/Tloc      0%         2d3       100%        4
 Leda's Liquefaction      Alch/Erth      0%         N/A       100%        4
 Petrify                  Alch/Erth      0%         N/A       100%        4
 Sticky Flame             Fire/Alch      0%         2d4       100%        4
 Summon Lightning Spire   Summ/Air       0%         N/A       100%        4
 Curse of Agony           Necr           0%         N/A       100%        5
 Fireball                 Conj/Fire      0%         3d3       100%        5
 Freezing Cloud           Conj/Ice/Air   0%         6-21      100%        5
 Iskenderun's Battlesphe  Conj           0%         2d6       100%        5
 Lee's Rapid Deconstruct  Erth           0%         3d4*      100%        5
 Metabolic Englaciation   Hex/Ice        0%         N/A       100%        5
 Silence                  Hex/Air        0%         N/A       100%        5
 Conjure Ball Lightning   Conj/Air       0%         3x3d6     100%        6
 Starburst                Conj/Fire      0%         6d3       100%        6
 Orb of Destruction       Conj           0%         9d5       100%        7
 Maxwell's Capacitive Co  Air            0%         ∞         100%        8


Dungeon Overview and Level Annotations

Branches:
Dungeon (14/15)            Temple (1/1) D:7            Lair (4/5) D:9
 Shoals (0/4) Lair:3        Snake (0/4) Lair:2        Slime (0/5) Lair:4
    Orc (0/2) D:11          Sewer (visited)          Bailey (visited)
 Vaults: D:13-14

Altars:
Ashenzari
Cheibriados
Dithmenos
Fedhas
Gozag
Hepliaklqana
Kikubaaqudgha
Makhleb
Nemelex Xobeh
Okawaru
Qazlal
Ru
Sif Muna
Trog
Uskayaw
Vehumet
Wu Jian
Xom
Yredelemnul

Shops:
D:2 [   D:6 ?   D:9 !   D:12 ?

Annotations:
D:11 3 runed translucent doors
Lair:2 exclusion: oklob plant


Innate Abilities, Weirdness & Mutations

You are partially covered in slimy green scales. (AC +2)
A demonic guardian rushes to your aid.
A meltable icy envelope protects you from harm. (AC +0)
A meltable shield of frost defends you. (SH +0)
You have a tail ending in a sharp stinger.
You have sharp toenails.
You possess an exceptional clarity of mind.
Your spells are a little easier to cast, but a little less powerful.


Message History

* * * LOW HITPOINT WARNING * * *
The fireball engulfs your hellwing!!!
Your hellwing swoops through the air toward the fire giant!
Your hellwing hits the fire giant. x2
Okay, then.
You feel much better.
The yellow draconian gives up.
The fire giant hits you with a +2 great sword of flaming!
The fire giant burns you.
Your hellwing hits the fire giant.
Your hellwing hits the fire giant but does no damage.
You barely miss the fire giant.
The fire giant is lightly wounded.
You slice the fire giant!!
You claw the fire giant, but do no damage.
You tail-slap the fire giant.
The fire giant is moderately wounded.
The yellow draconian seems to regain its courage.
The stone giant throws a large rock.
The large rock hits your hellwing!!!
Your hellwing dies!
Your hellwing disappears in a puff of smoke!
The fire giant hits you with a +2 great sword of flaming!!
* * * LOW HITPOINT WARNING * * *
The fire giant burns you.
* * * LOW HITPOINT WARNING * * *
The stone giant throws a large rock.
The large rock barely misses you.
The fire giant hits you with a +2 great sword of flaming.
* * * LOW HITPOINT WARNING * * *
The fire giant burns you.
* * * LOW HITPOINT WARNING * * *
Unknown command.
Blink to where?
Press: ? - help, Dir - move target
As you read the scroll of blinking, it crumbles to dust.
A yellow draconian opens the door.
You are no longer corroded.
The fire giant hits the bush with a +2 great sword of flaming!!
The fire giant burns the bush!
The fire giant points at you and mumbles some strange words.
The bolt of fire hits you!!!
You die...

#.......#####P#.####........#..÷.
'...##..######### #.......'..##.
#####.#..(.# #........####. #
######.# #.......## #. # ####.##
#####..## ## ####P##..## ##..##
#. ####.........# ### ##..#.# ##
>..'........<###.#####..#### #
÷###.........'..@.#.###÷..#######
## #........(P#.#...............#
##.........######.##C.#.#P....#
#..........## ####..#####....
##..........## #P.## ###.#
#.......^....# #P.P# ###
##.........### ##C.## #
#.PP'##.### #..## # #P##....##
##..##########


You could see a fire giant.

Vanquished Creatures
  Gastronok (Lair:1)
  A frost giant (Lair:3)
  A stone giant (Lair:4)
  A minotaur (Lair:4)
  A green draconian (Lair:4)
  A merfolk impaler (Lair:1)
  A great orb of eyes (Lair:2)
  3 centaur warriors (Lair:4)
  4 boulder beetles
  A tengu warrior (Lair:4)
  8 death yaks
  A deep elf knight (D:9)
  A skyshark (Lair:1)
  A lindwurm (Lair:4)
  2 orc knights
  4 black mambas
  A manticore (D:10)
  2 cyclopes
  7 elephants
  2 naga magi (D:9)
  8 cane toads
  2 gargoyles (D:12)
  4 kobold demonologists
  5 rime drakes
  A komodo dragon (Lair:1)
  A troll (D:12)
  4 merfolk (Lair:1)
  2 hornets
  2 polar bears (Lair:3)
  A tarantella (Lair:4)
  2 jumping spiders (Lair:4)
  Sigmund (D:3)
  2 slime creatures (Lair:4)
  3 shadows
  3 wraiths
  7 wyverns
  A warg (D:8)
  35 yaks
  A basilisk (Lair:4)
  3 vampire mosquitoes (D:8)
  2 steam dragons
  2 redbacks (Lair:4)
  2 nagas (Lair:2)
  2 acid dragons
  13 water moccasins
  2 black bears
  An ice beast (D:6)
  A hornet zombie (D:6)
  A crocodile (Sewer)
  2 orc warriors
  3 ogres
  3 centaurs
  9 wolves
  7 kobold brigands
  12 bullfrogs
  3 gnoll sergeants
  3 scorpions
  A wyvern zombie (D:6)
  16 wights
  9 killer bees
  2 howler monkeys
  An electric eel (D:12)
  4 bombardier beetles
  2 lava snakes (Lair:4)
  4 bullfrog zombies (D:6)
  2 gnoll boudas
  A human zombie (D:6)
  2 hounds
  3 jellies
  8 orc priests
  3 iguanas
  A bullfrog skeleton (D:6)
  12 orc wizards
  Robin (D:3)
  A howler monkey skeleton (D:6)
  6 adders
  18 gnolls
  9 river rats (D:6)
  A shadow imp (D:7)
  3 white imps
  2 ufetubi (D:5)
  A dart slug (D:2)
  3 ribbon worms (D:2)
  53 orcs
  4 bats
  6 endoplasms
  3 giant cockroaches
  20 goblins
  10 hobgoblins
  4 jackals (Sewer)
  11 quokkas
  7 ball pythons
  6 frilled lizards (D:4)
  17 kobolds
  22 rats
479 creatures vanquished.

Vanquished Creatures (collateral kills)
  A hydra (Lair:4)
  A boulder beetle (D:12)
  A death yak (Lair:2)
  A naga warrior (Lair:1)
  A yak (D:12)
  Grum (D:9)
  A water moccasin (Lair:1)
  A wolf (D:9)
  3 centaurs (Lair:3)
  A bullfrog (D:8)
  A wyvern zombie (D:6)
  A wight (D:7)
  2 killer bees (D:7)
  3 gnolls
  A goblin (D:7)
20 creatures vanquished.

Vanquished Creatures (others)
  A naga (Lair:2)
  An orc priest (D:8)
  An orc wizard (D:8)
  2 orcs (D:8)
5 creatures vanquished.

Grand Total: 504 creatures vanquished

Notes
Turn   | Place    | Note
-------+----------+-------------------------------------------
     0 | D:1      | Nvm9 the Demonspawn Fighter began the quest for the Orb.
     0 | D:1      | Reached XP level 1. HP: 18/18 MP: 1/1
   399 | D:1      | Gained mutation: A meltable shield of frost defends you.
                  | (SH +0) [demonic ancestry]
   399 | D:1      | Reached XP level 2. HP: 24/24 MP: 2/2
  1018 | D:2      | Reached XP level 3. HP: 29/29 MP: 3/3
  1029 | D:2      | Noticed a scorpion
  1049 | D:2      | Killed a scorpion
  1050 | D:2      | Gained mutation: You have a small tail. [demonic ancestry]
  1050 | D:2      | Reached XP level 4. HP: 34/37 MP: 4/4
  1242 | D:2      | Found Lifegaur's Antique Armour Shoppe.
  1429 | D:3      | Noticed Sigmund
  1454 | D:3      | Killed Sigmund
  1455 | D:3      | Reached skill level 4 in Fighting
  1455 | D:3      | Reached XP level 5. HP: 14/42 MP: 5/5
  1455 | D:3      | Gained mutation: A meltable icy envelope protects you from
                  | harm. (AC +0) [demonic ancestry]
  1455 | D:3      | Reached XP level 6. HP: 16/48 MP: 6/6
  1590 | D:3      | Noticed Robin
  1601 | D:3      | Killed Robin
  1864 | D:3      | Found a faded altar of an unknown god.
  2139 | D:4      | Found an opulent altar of Gozag.
  2321 | D:4      | Found a glowing drain.
  2325 | Sewer    | Entered a sewer
  2414 | Sewer    | Reached XP level 7. HP: 55/55 MP: 7/7
  2533 | D:4      | Reached skill level 5 in Fighting
  2868 | D:5      | Entered Level 5 of the Dungeon
  3127 | D:5      | Found a hazy altar of Hepliaklqana.
  3127 | D:5      | Found a shimmering blue altar of Sif Muna.
  3890 | D:6      | Reached skill level 5 in Armour
  3890 | D:6      | Gained mutation: A weak demonic guardian rushes to your
                  | aid. [demonic ancestry]
  3890 | D:6      | Reached XP level 8. HP: 63/63 MP: 8/8
  3901 | D:6      | Reached skill level 5 in Shields
  4054 | D:6      | Noticed a hornet
  4079 | D:6      | Killed a hornet
  4080 | D:6      | Reached skill level 6 in Fighting
  4080 | D:6      | Reached skill level 5 in Axes
  4713 | D:6      | Found an ancient bone altar of Kikubaaqudgha.
  4759 | D:6      | Gained mutation: A demonic guardian rushes to your aid.
                  | [demonic ancestry]
  4759 | D:6      | Reached XP level 9. HP: 66/71 MP: 9/9
  5329 | D:6      | Reached skill level 7 in Fighting
  5340 | D:6      | Found Texo Siu's Magic Scroll Emporium.
  5569 | D:7      | Found a staircase to the Ecumenical Temple.
  5605 | D:7      | Found a flagged portal.
  5669 | Bailey   | Entered a bailey
  6061 | Bailey   | Noticed an orc knight
  6096 | Bailey   | Killed an orc knight
  6320 | Bailey   | Gained mutation: Your system is resistant to poisons.
                  | (rPois) [potion of mutation]
  6320 | Bailey   | Gained mutation: You have a beak for a mouth. [potion of
                  | mutation]
  6320 | Bailey   | Gained mutation: You possess an exceptional clarity of
                  | mind. [potion of mutation]
  6326 | Bailey   | Lost mutation: You have a beak for a mouth. [potion of
                  | mutation]
  6326 | Bailey   | Lost mutation: Your system is resistant to poisons. (rPois)
                  | [potion of mutation]
  6326 | Bailey   | Gained mutation: Your spells are a little easier to cast,
                  | but a little less powerful. [potion of mutation]
  6326 | Bailey   | Gained mutation: You have sharp toenails. [potion of
                  | mutation]
  6862 | D:7      | Gained mutation: A meltable icy envelope protects you from
                  | harm. (AC +0) [demonic ancestry]
  6862 | D:7      | Reached XP level 10. HP: 77/80 MP: 10/10
  6996 | D:7      | Reached skill level 8 in Fighting
  7335 | Temple   | Entered the Ecumenical Temple
  8051 | D:8      | Noticed a +0 hand axe
  8052 | D:8      | Found a hide-covered altar of Uskayaw.
  8052 | D:8      | Noticed a +0 dagger
  8199 | D:8      | Found a broken altar of Ashenzari.
  8335 | D:9      | Found a stormy altar of Qazlal.
  8589 | D:9      | Found a staircase to the Lair.
  8665 | D:9      | Noticed Grum
  8674 | D:9      | Reached skill level 9 in Fighting
  8683 | D:9      | Killed Grum
  8917 | D:8      | Gained mutation: You are partially covered in slimy green
                  | scales. (AC +2) [demonic ancestry]
  8917 | D:8      | Reached XP level 11. HP: 70/89 MP: 11/11
  9036 | D:9      | Found Rerphotz's Distillery.
  9346 | Lair:1   | Entered Level 1 of the Lair of Beasts
 10228 | Lair:1   | Noticed Gastronok
 10257 | Lair:1   | Killed Gastronok
 10825 | Lair:2   | Noticed a boulder beetle
 10882 | Lair:1   | Reached skill level 10 in Fighting
 11133 | Lair:1   | Killed a boulder beetle
 11312 | Lair:2   | Noticed a six-headed hydra
 11349 | Lair:2   | Noticed a skyshark
 11363 | Lair:1   | Killed a skyshark
 11409 | Lair:2   | a six-headed hydra changed into a great orb of eyes
 11409 | Lair:2   | Noticed a great orb of eyes
 11417 | Lair:2   | Killed a great orb of eyes
 11806 | Lair:1   | Reached XP level 12. HP: 88/98 MP: 12/12
 12390 | Lair:2   | Found a staircase to the Snake Pit.
 13260 | Lair:3   | Reached skill level 10 in Armour
 13268 | Lair:3   | Reached skill level 10 in Shields
 13660 | Lair:3   | Noticed a death yak
 13660 | Lair:3   | Noticed a death yak
 13947 | Lair:3   | Reached skill level 11 in Fighting
 14005 | Lair:3   | Found a staircase to the Shoals.
 14269 | Lair:2   | Killed a death yak
 14270 | Lair:2   | Reached skill level 10 in Axes
 14273 | Lair:3   | Noticed a death yak
 14287 | Lair:2   | Killed a death yak
 14305 | Lair:3   | Killed a death yak
 15029 | D:2      | Bought a warped plate armour for 560 gold pieces
 15029 | D:2      | Identified the +8 plate armour of the Shore {Regen+ Dex+3}
                  | (You bought it in a shop on level 2 of the Dungeon)
 15158 | Temple   | Became a worshipper of Warmaster Okawaru
 15289 | D:10     | Entered Level 10 of the Dungeon
 15925 | D:11     | Reached * piety under Okawaru
 16048 | D:11     | Found a runed translucent gate.
 16064 | D:11     | Found a runed translucent gate.
 16065 | D:11     | Found a runed translucent gate.
 16311 | D:11     | Found a staircase to the Orcish Mines.
 16383 | D:11     | Fell from the grace of Okawaru
 16411 | D:11     | You fall into a shaft and drop 3 floors!
 16514 | D:13     | Gained mutation: You have a tail ending in a sharp stinger.
                  | [demonic ancestry]
 16514 | D:13     | Reached XP level 13. HP: 103/107 MP: 11/13
 16875 | D:12     | Found Zioladudgh's Magic Scroll Shoppe.
 16884 | D:12     | Bought a scroll of brand weapon for 133 gold pieces
 16884 | D:12     | Bought a scroll of enchant armour for 105 gold pieces
 16907 | D:12     | Noticed a deep elf blademaster
 16907 | D:12     | Noticed a fire giant
 16943 | D:12     | Noticed a merfolk javelineer
 16943 | D:12     | Noticed a minotaur
 16943 | D:12     | Noticed a fire giant
 17093 | D:9      | Noticed a merfolk impaler
 17108 | D:9      | Became a worshipper of Qazlal Stormbringer
 20355 | Lair:1   | Killed a merfolk impaler
 21155 | Lair:3   | Reached skill level 12 in Fighting
 21876 | Lair:4   | Noticed a green draconian
 21876 | Lair:4   | Noticed a minotaur
 21891 | Lair:4   | Killed a green draconian
 21897 | Lair:4   | Killed a minotaur
 22133 | Lair:4   | Found a staircase to the Slime Pits.
 22172 | Lair:4   | Noticed a stone giant
 22179 | Lair:4   | Killed a stone giant
 22418 | Lair:4   | Found a runed translucent door.
 22423 | Lair:4   | Found the +8 whip "Snakebite" {venom, curare, rPois}
 22481 | Lair:4   | Found a runed translucent gate.
 22483 | Lair:4   | Found a runed translucent gate.
 22484 | Lair:4   | Found a runed translucent gate.
 22484 | Lair:4   | Found a runed translucent gate.
 22484 | Lair:4   | Found a runed translucent gate.
 22486 | Lair:4   | Found a runed translucent gate.
 22610 | Lair:4   | Noticed a deep elf master archer
 22610 | Lair:4   | Noticed a frost giant
 22610 | Lair:4   | Noticed a frost giant
 22612 | Lair:4   | Identified the ring of Mirth {*Corrode rF+ rC+ Int+4}
 22678 | Lair:3   | Killed a frost giant
 23131 | Lair:3   | Noticed a stone giant
 23131 | Lair:3   | Noticed a fire giant
 23131 | Lair:3   | Noticed a yellow draconian
 23142 | Lair:3   | HP: 5/109 [fire giant/+2 great sword of flaming[the fury of
                  | Okawaru] (5)]
 23153 | Lair:3   | Killed from afar by a fire giant

Illustrated notes

Levels and vault maps discovered:
D:1:      grunt_arrival_crossed_arrows, layout_loops_corners,
          grunt_decor_fettered
D:2:      layout_rooms, serial_shops, nicolae_shop_hallway_stairs,
          minmay_tromino_i2
D:3:      layout_rooms, shapermc_ecumenical_altar_notcrosses,
          kennysheep_generic_room_8, uniq_sigmund, uniq_robin
D:4:      layout_cave_pools, kennysheep_mini,
          mainiacjoe_overflow_small_starburst,
          mainiacjoe_overflow_surrounded_room,
          mainiacjoe_sewer_entry_somewhere_in_here_2
D:5:      layout_basic, nicolae_overflow_two_pavilions
D:6:      lemuel_ratsnest, layout_loops_ring,
          lemuel_mausoleum_altar_kikubaaqudgha, serial_shops, shop
D:7:      layout_loops_corners, minmay_temple_entry_offerings, enter_bailey_5
D:8:      layout_loops_ring, nicolae_overflow_crystal_walls,
          dancing_weapons_uskayaw, eino_small_chamber_without_monster,
          dreamdust_mushroom_princess
D:9:      layout_small_grid, nicolae_qazlal_scattered_showers,
          erik_lair_orcish_takeover, serial_shops,
          nicolae_shop_industrial_runoff, chequers_serial_rivers_micro_c,
          dreamdust_princess_corridor, uniq_grum
D:10:     layout_big_octagon, hangedman_decor_slide_cut
D:11:     layout_irregular_city, hiddenorc1_lemuel,
          ploomutoo_gammafunk_ghost_potion_laboratory, hangedman_decor_opposing
D:12:     layout_rooms, serial_bayou, serial_bayou_ford_a, serial_bayou_pond_c,
          serial_bayou_pond_b, serial_bayou_pond_c, serial_shops, shop
D:13:     layout_stronghold
D:14:     layout_cave_pods, david_vaults_4, dk_noncrumbling_4,
          nicolae_elevator_lobby_plus
Temple:   dshaligram_water_room_temple
Lair:1:   statuecave_lemuel, layout_loops_ring, chequers_serial_rivers_micro_d,
          grunt_megastairs_2, uniq_gastronok
Lair:2:   layout_chaotic_city, nicolae_snake_entry_squirm,
          minmay_lair_oklob_bushes, infiniplex_staircase_pool
Lair:3:   layout_roguey, minmay_shoals_entry_centaurs
Lair:4:   gammafunk_indiana_jones, layout_cave_pods, minmay_slime_entry_pillars,
          serial_bayou_shore_b

Skill      XL: |  1  2  3  4  5  6  7  8  9 10 11 12 13 |
---------------+----------------------------------------+-----
Axes           | 2 3 4 5 6 8 9 10 11 | 11.4
Shields        | 3 4 6 7 8 9 10 11 | 11.6
Armour         | 3 4 5 6 7 8 9 10 11 | 11.6
Fighting       | 4 5 6 7 9 10 11 12 | 12.6

Action                     |  1- 3 |  4- 6 |  7- 9 | 10-12 | 13-15 || total
---------------------------+-------+-------+-------+-------+-------++-------
  Melee: War axe           |    98 |   133 |   478 |   793 |   313 ||  1815
         Tailslap          |       |    11 |    67 |   139 |    57 ||   274
         Kick              |       |       |    15 |   322 |   118 ||   455
  Throw: Throwing net      |       |     1 |       |       |       ||     1
         Dart              |       |       |     8 |    20 |       ||    28
 Invoke: Renounce Religion |       |       |       |     1 |       ||     1
  Evoke: Wand              |       |       |       |     5 |       ||     5
    Use: Potion            |     1 |     3 |    12 |     4 |     7 ||    27
         Scroll            |       |     5 |     8 |     3 |     8 ||    24
   Stab: Sleeping          |       |       |       |     1 |       ||     1
 Armour: Scale mail        |    87 |    48 |       |       |       ||   135
         Chain mail        |       |    35 |   385 |   294 |       ||   714
         Plate armour      |       |       |       |   517 |   526 ||  1043
  Dodge: Dodged            |    35 |    45 |   163 |   238 |   123 ||   604
  Block: Buckler           |    37 |    61 |   287 |   502 |   214 ||  1101

Table legend: (Time is in decaauts)
 A = Elapsed time spent in this place.
 B = Non-inter-level travel time spent in this place.
 C = Inter-level travel time spent in this place.
 D = Time resting spent in this place.
 E = Time spent auto-exploring this place.
 F = Levels seen in this place.
 G = Mean time per level.
                   A        B        C        D        E       F      G
               +--------+--------+--------+--------+--------+-----+--------+
         Total |  23603 |  22547 |   1056 |   7914 |   8292 |  21 | 1124.0 |
       Dungeon |  13818 |  12965 |    853 |   3965 |   5427 |  14 |  987.0 |
        Temple |     55 |     42 |     13 |      0 |      0 |   1 |   55.0 |
          Lair |   8803 |   8613 |    190 |   3708 |   2790 |   4 | 2200.8 |
         Sewer |    185 |    185 |      0 |      0 |      0 |   1 |  185.0 |
        Bailey |    740 |    740 |      0 |    240 |     75 |   1 |  740.0 |
               +--------+--------+--------+--------+--------+-----+--------+

Top non-repeatable levels by time:
     D:8: 3399 daAuts
  Lair:1: 3104 daAuts
  Lair:3: 2699 daAuts
     D:6: 1917 daAuts
  Lair:2: 1563 daAuts
     D:7: 1488 daAuts
  Lair:4: 1435 daAuts
     D:9: 1369 daAuts
     D:1: 943 daAuts
     D:5: 913 daAuts
     D:3: 802 daAuts
  Bailey: 740 daAuts
     D:4: 671 daAuts
    D:11: 659 daAuts
    D:10: 633 daAuts
